 Dungeon Crawl Stone Soup version 0.28.0-43-g3370ac3207 (webtiles) character file.

Game seed: 9807992776128854921

3567 styxcanada the Covert (level 9, 0/45 HPs)
             Began as a Spriggan Brigand on Mar 9, 2022.
             Was an Initiate of Gozag.
             Killed from afar by a steam dragon (9 damage)
             ... with a ball of steam
             ... on level 8 of the Dungeon.
             The game lasted 00:44:14 (11415 turns).

styxcanada the Covert (Spriggan Brigand)           Turns: 11415, Time: 00:44:15

Health: 0/45       AC:  4    Str:  7    XL:     9   Next: 84%
Magic:  24/24      EV: 27    Int: 12    God:    Gozag
Gold:   527        SH:  0    Dex: 21    Spells: 12/15 levels left

rFire   . . .      SeeInvis +   j - +0 hunting sling
rCold   . . .      Faith    .   (no shield)
rNeg    . . .      Spirit   .   b - +0 robe
rPois   .          Reflect  .   (helmet restricted)
rElec   .          Harm     .   l - +1 cloak
rCorr   .          Rampage  .   (gloves unavailable)
Will    +....                   (boots unavailable)
Stlth   +++++.....              (no amulet)
HPRegen 0.15/turn               m - +4 ring of evasion
MPRegen 0.19/turn               p - ring of magical power

@: studying Shields, very quick
A: very small, no large weapons, unfitting armour, see invisible, speed 3
a: Renounce Religion, Potion Petition, Call Merchant, Bribe Branch


You were on level 8 of the Dungeon.
You worshipped Gozag.
Gozag was pleased with you.
You visited 2 branches of the dungeon, and saw 9 of its levels.
You also visited: Sewer.

You collected 597 gold pieces.
You paid 70 gold pieces to Gozag.

Inventory:

Hand Weapons
 a - a +2 vorpal dagger
 j - a +0 hunting sling (weapon)
Missiles
 d - a poisoned dart
 f - 255 stones
 s - 8 sling bullets (quivered ammo)
 B - 5 boomerangs
Armour
 b - a +0 robe (worn)
 l - a +1 cloak (worn)
Jewellery
 m - a +4 ring of evasion (left hand)
 o - an amulet of faith
 p - a ring of magical power (right hand)
 u - a ring of magical power
Wands
 i - a wand of flame (1)
 k - a wand of polymorph (9)
 v - a wand of digging (5)
Scrolls
 e - 2 scrolls of torment
 g - 2 scrolls of teleportation
 n - a scroll of magic mapping {unknown}
 q - a scroll of amnesia
Potions
 c - 3 potions of curing
 h - a potion of lignification
 r - a potion of resistance {unknown}
 w - 2 potions of magic {unknown}
 x - a potion of ambrosia {unknown}
 A - 2 potions of heal wounds


   Skills:
 * Level 4.1 Fighting
 + Level 4.8 Short Blades
 + Level 2.3(4.1) Slings
 + Level 4.3(4.5) Throwing
 * Level 7.5 Dodging
 * Level 12.2 Stealth
 * Level 4.7 Shields
 * Level 3.8 Spellcasting
 * Level 0.8 Conjurations
 + Level 4.3 Translocations
 * Level 1.7 Air Magic
 * Level 3.8 Evocations


You had 12 spell levels left.
You knew the following spells:

 Your Spells              Type           Power      Damage    Failure   Level
a - Blink                 Tloc           24%        N/A       6%          2
b - Shock                 Conj/Air       20%        1d4       14%         1

Your spell library contained the following spells:

 Spells                   Type           Power      Damage    Failure   Level
 Magic Dart               Conj           16%        1d3       16%         1
 Searing Ray              Conj           8%         2d4       24%         2
 Swiftness                Air            6%         N/A       32%         3
 Manifold Assault         Tloc           12%        N/A       71%         5
 Airstrike                Air            3%         N/A       73%         4
 Fulminant Prism          Conj/Hex       1%         3d6       88%         4
 Storm Form               Tmut/Air       2%         N/A       100%        7


Dungeon Overview and Level Annotations

Branches:
Dungeon (8/15)             Temple (1/1) D:4            Lair (0/6) D:8
  Sewer (visited)

Altars:
Ashenzari
Dithmenos
Elyvilon
Fedhas
Gozag
Hepliaklqana
Kikubaaqudgha
Makhleb
Nemelex Xobeh
Okawaru
Qazlal
Ru
Sif Muna
Trog
Uskayaw
Vehumet
Wu Jian
Xom
Yredelemnul
Zin
The Shining One

Shops:
D:1 [   D:6 *

Annotations:
D:4 Blork the orc


Innate Abilities, Weirdness & Mutations

You are very small and have problems with some larger weapons.
You are too small for most types of armour.
You have supernaturally acute eyesight. (SInv)
You cover ground extremely quickly. (Speed+++)


Message History

Fire: 13 sling bullets
Press: ? - help, Q - select action, (/) - cycle Shift-Dir - straight line, f/p - steam dragon
Aim: a steam dragon (severely wounded, 66% to hit)
You shoot a sling bullet. The sling bullet hits the steam dragon.
The steam dragon is severely wounded.
The steam dragon breathes steam at you. The ball of steam misses you.
Unknown command.
Fire: 12 sling bullets
Press: ? - help, Q - select action, (/) - cycle Shift-Dir - straight line, f/p - steam dragon
Aim: a steam dragon (steam, severely wounded, catching its breath, 66% to hit)
You shoot a sling bullet.
The sling bullet barely misses the steam dragon.
Unknown command.
Fire: 11 sling bullets
Press: ? - help, Q - select action, (/) - cycle Shift-Dir - straight line, f/p - steam dragon
Aim: a steam dragon (severely wounded, 66% to hit)
You shoot a sling bullet.
The sling bullet barely misses the steam dragon.
Unknown command.
The steam dragon breathes steam at you. The ball of steam misses you.
Fire: 10 sling bullets
Press: ? - help, Q - select action, (/) - cycle Shift-Dir - straight line, f - you Really target yourself?
Okay, then.
Fire: 10 sling bullets
Press: ? - help, Q - select action, (/) - cycle Shift-Dir - straight line, f - steam dragon
Aim: a steam dragon (severely wounded, 66% to hit)
You shoot a sling bullet.
The sling bullet closely misses the steam dragon.
Fire: 9 sling bullets
Press: ? - help, Q - select action, (/) - cycle Shift-Dir - straight line, f/p - steam dragon
Aim: a steam dragon (severely wounded, 66% to hit)
You shoot a sling bullet.
The sling bullet closely misses the steam dragon.
The steam dragon breathes steam at you. The ball of steam hits you!
You die...
Your body crumbles into a pile of gold.

# ###.###.## #.
#.........
#..##.#.###.).
#.......# ###.
#.###.#.# ##
#.......# #
#########.### #
#.........##### ##
#@#####.......###.
#§# #...###.##..
#§# ###...# #.#...
#.# #....<###.....
#.# #.....((§.D.(.
#D###.....###.....
#.(§§...D####.#...
#######.......##..
##.########.


There were no monsters in sight!

Vanquished Creatures
  Pikel (D:5)
  Grinder (D:3)
  Eustachio (D:6)
  2 vampire mosquitoes (D:6)
  Menkaure (D:7)
  2 water moccasins
  An ice beast (D:5)
  A sky beast (D:6)
  2 black bears
  2 ogres
  A necrophage (D:6)
  A centaur (D:8)
  A phantom (D:3)
  A lemure (D:5)
  A kobold brigand (D:7)
  3 bullfrogs
  3 scorpions
  A water moccasin skeleton (D:5)
  3 killer bees (D:8)
  2 bullfrog zombies
  A jelly (D:5)
  A centaur zombie (D:5)
  2 hounds
  2 orc priests
  2 centaur skeletons
  2 iguanas
  4 orc wizards
  Terence (D:2)
  A killer bee zombie (D:6)
  A hound skeleton (D:4)
  Robin (D:2)
  A howler monkey skeleton (D:6)
  17 adders
  An adder skeleton (D:5)
  5 worms
  2 dart slugs
  8 orcs
  5 bats
  7 endoplasms
  10 giant cockroaches
  10 goblins
  10 hobgoblins
  2 jackals (D:4)
  15 kobolds
  9 quokkas
  11 ball pythons
  8 frilled lizards
  9 rats
179 creatures vanquished.

Notes
Turn   | Place    | Note
-------+----------+-------------------------------------------
     0 | D:1      | styxcanada the Spriggan Brigand began the quest for the
                  | Orb.
     0 | D:1      | Reached XP level 1. HP: 10/10 MP: 2/2
    64 | D:1      | Reached skill level 6 in Stealth
   116 | D:1      | Reached XP level 2. HP: 12/14 MP: 3/3
   226 | D:1      | Found Sauwn's Armour Shop.
   826 | D:1      | Reached skill level 7 in Stealth
  1018 | D:2      | Reached XP level 3. HP: 16/18 MP: 4/4
  1199 | D:2      | Noticed Terence
  1202 | D:2      | Killed Terence
  1208 | D:2      | Reached XP level 4. HP: 23/23 MP: 5/5
  1319 | D:2      | Reached skill level 8 in Stealth
  1564 | D:2      | Noticed Robin
  1581 | D:2      | Killed Robin
  1810 | D:2      | Reached XP level 5. HP: 12/26 MP: 6/6
  2308 | D:3      | Identified a scroll of acquirement
  2308 | D:3      | Acquired a manual of Shields
  2517 | D:3      | Noticed Grinder
  2524 | D:3      | Killed Grinder
  2525 | D:3      | Reached skill level 9 in Stealth
  2525 | D:3      | Reached skill level 1 in Shields
  2525 | D:3      | Reached XP level 6. HP: 31/31 MP: 7/7
  3020 | D:3      | Found a faded altar of an unknown god.
  3400 | D:4      | Reached XP level 7. HP: 35/35 MP: 8/8
  3483 | D:4      | Found a staircase to the Ecumenical Temple.
  3536 | D:4      | Reached skill level 10 in Stealth
  3611 | Temple   | Entered the Ecumenical Temple
  3865 | D:4      | Found a glowing drain.
  3878 | Sewer    | Entered a sewer
  4915 | D:4      | Noticed Blork the orc
  4922 | D:4      | Found a shimmering blue altar of Sif Muna.
  5224 | D:4      | Learned a level 2 spell: Blink
  5285 | D:4      | Reached skill level 1 in Spellcasting
  5458 | D:4      | Reached skill level 1 in Translocations
  5566 | D:4      | Reached skill level 5 in Dodging
  5566 | D:4      | Reached XP level 8. HP: 39/39 MP: 10/10
  5592 | D:5      | Entered Level 5 of the Dungeon
  5772 | D:5      | Reached skill level 1 in Evocations
  6141 | D:5      | Reached skill level 11 in Stealth
  6236 | D:5      | Noticed Pikel
  6254 | D:5      | Killed Pikel
  6457 | D:5      | Reached XP level 9. HP: 27/44 MP: 14/14
  7161 | D:6      | Found Gozag's Platinum Reserve.
  7163 | D:6      | Found an opulent altar of Gozag.
  7163 | D:6      | Noticed Eustachio
  7559 | D:6      | Became a worshipper of Gozag Ym Sagoz the Greedy
  7611 | D:6      | Reached skill level 12 in Stealth
  7722 | D:6      | Reached skill level 1 in Slings
  7726 | D:6      | Learned a level 1 spell: Shock
  7898 | D:6      | Found a radiant altar of Vehumet.
  8259 | D:6      | Killed Eustachio
  9965 | D:7      | Noticed Menkaure
 10251 | D:7      | Killed Menkaure
 10871 | D:8      | Reached skill level 1 in Air Magic
 10963 | D:8      | Found a staircase to the Lair.
 11312 | D:8      | Noticed a cyclops
 11415 | D:8      | Killed from afar by a steam dragon

Illustrated notes

Levels and vault maps discovered:
D:1:      wheals_arrival_shading, layout_loops_ring, serial_shops,
          nicolae_shop_crystal
D:2:      layout_basic, hangedman_glass_teeth, uniq_terence, uniq_robin
D:3:      layout_basic, dreamdust_ecumenical_altar_angels_and_demons,
          minmay_misc_feat_hallway, minmay_misc_feat_columns,
          ebering_dispersal_statue_hall, uniq_grinder
D:4:      layout_rooms, tgw_sif, minmay_temple_entry_statues,
          serial_corexii_hall, corexii_hall_statues_l,
          chequers_hall_statues_wall_a, cheibrodos_sewer_entry_drain,
          corexii_leaking_fountain
D:5:      layout_gridville, uniq_pikel
D:6:      layout_basic, vehumet_altar_wand_db, nicolae_gozag_zags_fifth_avenue,
          grunt_decor_cap, nicolae_elevator_lobby_plus, uniq_eustachio
D:7:      layout_basic, dk_noncrumbling_4, minmay_misc_feat_five, uniq_menkaure
D:8:      layout_loops_corners, dpeg_oklobed_lair, enter_ossuary_2,
          kennysheep_generic_room_3
Temple:   mainiacjoe_temple_coin_purse

Skill      XL: |  1  2  3  4  5  6  7  8  9 |
---------------+----------------------------+-----
Stealth        | 6 7 8 9 10 11 12 | 12.2
Dodging        | 2 3 5 6 7 |  7.5
Fighting       | 2 3 4 |  4.1
Short Blades   | 3 4 |  4.8
Throwing       | 3 4 |  4.3
Shields        | 1 2 3 4 |  4.7
Spellcasting   | 1 2 3 |  3.8
Translocations | 1 3 4 |  4.3
Evocations     | 2 3 |  3.8
Slings         | 2 |  2.3
Air Magic      | 1 |  1.7
Conjurations   | |  0.8

Action                   |  1- 3 |  4- 6 |  7- 9 || total
-------------------------+-------+-------+-------++-------
Melee: Dagger            |    54 |   130 |   633 ||   817
       Punch             |       |     2 |    11 ||    13
 Fire: Hunting sling     |       |       |    81 ||    81
Throw: Dart              |    12 |    41 |    56 ||   109
       Stone             |       |     3 |     9 ||    12
 Cast: Shock             |       |       |     6 ||     6
Evoke: Wand              |       |       |    16 ||    16
  Use: Scroll            |       |     5 |    10 ||    15
       Potion            |       |       |     5 ||     5
 Stab: Sleeping          |    13 |    21 |    22 ||    56
       Distracted        |       |       |     2 ||     2
Armor: Robe              |     6 |    13 |    54 ||    73
       Skin              |       |       |     7 ||     7
Dodge: Dodged            |    45 |    77 |   587 ||   709
